 Dungeon Crawl Stone Soup version 0.30.1-9-gdf580d7c3d (webtiles) character file.

Game seed: 5293299761265044966

937 H0rd4k the Cudgeller (level 8, -1/90 HPs)
             Began as a Human Artificer on Sept 25, 2023.
             Was an Initiate of Gozag.
             Succumbed to an adder's poison
             ... on level 6 of the Dungeon.
             The game lasted 00:06:58 (6340 turns).

H0rd4k the Cudgeller (Human Artificer)              Turns: 6340, Time: 00:06:59

Health: -1/90      AC: 24    Str: 13    XL:     8   Next: 34%
Magic:  3/8        EV:  2    Int: 13    God:    Gozag
Gold:   185        SH:  0    Dex: 14    Spells: 7/7 levels left

rFire   + . .        v - +0 mace
rCold   x . .        (no shield)
rNeg    . . .        b - melded +0 leather armour
rPois   +            (helmet currently unavailable)
rElec   .            (cloak currently unavailable)
rCorr   .            (gloves currently unavailable)
SInv    .            (boots currently unavailable)
Will    .....        q - amulet of guardian spirit
Stlth   ++           u - ring of fire
HPRegen 0.35/turn    (no ring)
MPRegen 0.11/turn

%: guardian spirit
@: lethally poisoned (-1 -> -7), tree-form, invisible
A: stationary, stasis, torment immunity, boosted hp
a: Renounce Religion, Potion Petition, Call Merchant, Bribe Branch


You were on level 6 of the Dungeon.
You worshipped Gozag.
Gozag was aware of your devotion.
You were a tree.
You visited 1 branch of the dungeon, and saw 6 of its levels.

You collected 273 gold pieces.
You paid 88 gold pieces to Gozag.

Inventory:

Hand Weapons
 o - a +0 sling of flaming
 v - a +0 mace (weapon)
Missiles
 c - 4 datura-tipped darts
 m - 15 poisoned darts
Armour
 b - a +0 leather armour (melded)
Magical Staves
 x - a staff of air
Jewellery
 q - an amulet of guardian spirit (around neck)
 u - a ring of fire (left branch)
Wands
 d - a wand of charming (5)
 e - a wand of iceblast (8)
Scrolls
 a - 3 scrolls of amnesia {unknown}
 f - 3 scrolls of identify {unknown}
 g - a scroll of vulnerability {unknown}
 h - a scroll of noise {unknown}
 j - 4 scrolls of teleportation {unknown}
 p - a scroll of enchant weapon {unknown}
 t - 2 scrolls of enchant armour {unknown}
 w - a scroll of immolation {unknown}
 y - a scroll of fog {unknown}
 C - a scroll of silence {unknown}
Potions
 i - 2 potions of lignification
 k - a potion of invisibility
 l - 2 potions of curing {unknown}
 n - 4 potions of brilliance {unknown}
 r - a potion of cancellation {unknown}
 s - 3 potions of flight {unknown}
 z - 5 potions of heal wounds {unknown}
 A - a potion of degeneration {unknown}
 B - a potion of might {unknown}


   Skills:
 + Level 4.3 Fighting
 + Level 5.5 Maces & Flails
 - Level 2.0 Armour
 + Level 4.1 Dodging
 - Level 1.0 Stealth
 + Level 4.6 Evocations


You had 7 spell levels left.
You didn't know any spells.
Your spell library contained the following spells:

 Spells                   Type           Power      Damage    Failure   Level
 Poisonous Vapours        Pois/Air       0%         N/A       43%         2
 Mephitic Cloud           Conj/Pois/Air  0%         N/A       67%         3
 Stone Arrow              Conj/Erth      0%         3d7       67%         3
 Vhi's Electric Charge    Tloc/Air       0%         N/A       67%         3
 Animate Armour           Summ/Erth      0%         N/A       97%         4
 Arcjolt                  Conj/Air       0%         1d10      100%        5
 Freezing Cloud           Conj/Ice/Air   0%         6-21      100%        5
 Lehudib's Crystal Spear  Conj/Erth      0%         10d2      100%        8
 Maxwell's Capacitive Co  Air            0%         ∞         100%        8


Dungeon Overview and Level Annotations

Branches:
Dungeon (6/15)
 Temple: D:4-7

Altars:
Elyvilon
Fedhas
Gozag
Qazlal
Vehumet
Wu Jian
Xom
The Shining One

Shops:
D:1 ((?   D:5 ***!:

Annotations:
D:2 1 runed translucent door, exclusion: door, Crazy Yiuf


Message History

You sock the adder!
The adder is almost dead.
You feel sick. The adder closely misses you.
You hit the adder.
The adder is almost dead.
You feel sick. The adder bites you.
* * * LOW HITPOINT WARNING * * *
The adder bites you.
* * * LOW HITPOINT WARNING * * *
You miss the adder.
The adder is almost dead.
You feel sick. The adder bites you.
* * * LOW HITPOINT WARNING * * *
You are more poisoned.
The adder poisons you!
You hit the adder but do no damage.
The adder is almost dead.
* * * LOW HITPOINT WARNING * * *
You feel sick. The adder closely misses you. x2
You barely miss the adder.
The adder is almost dead.
* * * LOW HITPOINT WARNING * * *
You feel sick. The adder bites you.
* * * LOW HITPOINT WARNING * * *
You are more poisoned.
The adder poisons you!
You hit the adder but do no damage.
The adder is almost dead.
* * * LOW HITPOINT WARNING * * *
You feel very sick. The adder completely misses you.
The adder closely misses you.
It was a potion of lignification.
You turn into a tree.
Your +0 leather armour melds into your body.
Your roots penetrate the ground.
* * * LOW HITPOINT WARNING * * *
You feel sick. The adder bites you but does no damage.
It was a potion of invisibility.
You fade into invisibility!
You die...
Your body crumbles into a pile of gold.

#......###.#.#.#.##.#
#......#.......#.##.#
.......#.#.#.#.#.##.#
#......#.#.#.#.#.##.#
..##.### #.#........#
####.# #.#.###.##.#
#.### #.#.# #.##.#
####.... #.#?###....#
........ .......♣...#
....... ......S.#..#
...# #.####.##..#
.#.##### #. #..#
........ #. ....
.#.##### #.##..##
.#.# #. #).# .# ## #.
...# .#..### ...#


You could see an adder (unable to see you).

Vanquished Creatures
  A black bear (D:5)
  An ogre (D:4)
  2 phantoms
  2 hounds
  A jelly (D:4)
  An orc priest (D:4)
  A sleepcap (D:4)
  Jessica (D:2)
  2 iguanas
  An orc wizard (D:3)
  A gnoll (D:5)
  6 adders
  3 ufetubi
  A worm (D:2)
  3 dart slugs
  7 orcs
  6 endoplasms
  2 giant cockroaches
  8 goblins
  9 hobgoblins
  11 jackals
  4 quokkas
  5 ball pythons
  7 bats
  5 frilled lizards
  6 kobolds
  7 rats
104 creatures vanquished.

Vanquished Creatures (collateral kills)
  Grinder (D:4)
  A hound (D:5)
  An adder (D:5)
  2 orcs
  A hobgoblin (D:3)
  A kobold (D:4)
  A quokka (D:4)
8 creatures vanquished.

Grand Total: 112 creatures vanquished

Notes
Turn   | Place    | Note
-------+----------+-------------------------------------------
     0 | D:1      | H0rd4k the Human Artificer began the quest for the Orb.
     0 | D:1      | Reached XP level 1. HP: 15/15 MP: 1/1
    60 | D:1      | Found Molun's Magic Scroll Emporium.
   183 | D:1      | Found Paeliz's Antique Weapon Boutique.
   195 | D:1      | Found Qifi's Antique Weapon Shop.
   228 | D:1      | Reached XP level 2. HP: 13/21 MP: 2/2
   724 | D:1      | Reached XP level 3. HP: 17/26 MP: 3/3
  1205 | D:2      | Reached skill level 1 in Maces & Flails
  1367 | D:2      | Reached XP level 4. HP: 30/32 MP: 4/4
  1436 | D:2      | Noticed Jessica
  1445 | D:2      | Killed Jessica
  1446 | D:2      | Reached skill level 2 in Maces & Flails
  1978 | D:2      | Reached XP level 5. HP: 21/38 MP: 5/5
  2154 | D:2      | Found a runed translucent door.
  2155 | D:2      | Noticed Crazy Yiuf
  2426 | D:3      | Found a white marble altar of Elyvilon.
  3289 | D:4      | Found a glowing golden altar of the Shining One.
  3307 | D:4      | Reached skill level 3 in Maces & Flails
  3307 | D:4      | Reached XP level 6. HP: 27/46 MP: 2/6
  3551 | D:4      | Found a blossoming altar of Fedhas.
  3721 | D:4      | Noticed Grinder
  3721 | D:4      | Noticed an ogre
  3729 | D:4      | Paralysed by Grinder for 4 turns
  3786 | D:4      | Killed Grinder
  3787 | D:4      | Reached skill level 4 in Maces & Flails
  3787 | D:4      | Reached XP level 7. HP: 39/52 MP: 7/7
  4219 | D:4      | Found a radiant altar of Vehumet.
  4679 | D:5      | Entered Level 5 of the Dungeon
  4718 | D:5      | Found Maqueff's Distillery.
  4723 | D:5      | Found Nuwidgh's Book Emporium.
  4807 | D:5      | Found Kyequi's Assorted Antiques.
  4840 | D:5      | Found Xatite's Assorted Antiques.
  5183 | D:5      | Found a shimmering altar of Xom.
  5261 | D:5      | Reached XP level 8. HP: 38/60 MP: 4/8
  5341 | D:5      | Found Wyhoc's General Store.
  5376 | D:5      | Reached skill level 5 in Maces & Flails
  5724 | D:5      | Found an ornate altar of the Wu Jian Council.
  6067 | D:6      | Found a large runed translucent door.
  6068 | D:6      | Found a large runed translucent door.
  6082 | D:6      | Found a stormy altar of Qazlal.
  6085 | D:6      | Found an opulent altar of Gozag.
  6097 | D:6      | Became a worshipper of Gozag Ym Sagoz the Greedy
  6338 | D:6      | HP: 1/60 [poisoned by an adder]
  6340 | D:6      | Succumbed to an adder's poison

Illustrated notes

Levels and vault maps discovered:
D:1:      lightli_arrival_statue_moat, layout_loops_cross, serial_shops, shop,
          nicolae_shop_stone, nicolae_shop_waterfront, minmay_liquid_box
D:2:      layout_loops_ring, uniq_jessica, uniq_crazy_yiuf_cottage
D:3:      layout_loops_corners, nicolae_overflow_crystal_walls
D:4:      layout_loops_cross, fiery_altar_vehumet, fedhas_altar_4,
          tso_metal_star, uniq_grinder
D:5:      layout_basic, mainiacjoe_overflow_cross_hatched, lemuel_round_altar,
          serial_shops, kennysheep_mini, shop_statue,
          nicolae_inconvenience_store, nicolae_shop_pleasant_corner_grove,
          nicolae_square_shop
D:6:      layout_basic, jmf_multi_god_temple2, minivault_27

Skill      XL: |  1  2  3  4  5  6  7  8 |
---------------+-------------------------+-----
Maces & Flails | 1 2 3 4 5 |  5.5
Dodging        | 2 3 4 |  4.1
Fighting       | 2 3 4 |  4.3
Evocations     | 4 |  4.6
Armour         | |  2.0
Stealth        | |  1.0

Action                     |  1- 3 |  4- 6 |  7- 9 || total
---------------------------+-------+-------+-------++-------
  Melee: Club              |   133 |   106 |       ||   239
         Punch             |     1 |     2 |     2 ||     5
         Mace              |       |    98 |   207 ||   305
  Evoke: Wand              |     4 |    20 |     5 ||    29
    Use: Potion            |       |       |     2 ||     2
   Stab: Sleeping          |     5 |     2 |       ||     7
 Armour: Leather armour    |    44 |    60 |    45 ||   149
         Skin              |       |       |     1 ||     1
  Dodge: Dodged            |    89 |   126 |   175 ||   390
